 Dungeon Crawl Stone Soup version 0.18.1-6-gd335043 (webtiles) character file.

68 Gagarin the Skirmisher (level 4, -6/40 HPs)
             Began as a Minotaur Fighter on May 18, 2016.
             Mangled by Freyj's ghost (13 damage)
             ... on level 3 of the Dungeon.
             The game lasted 00:03:14 (1412 turns).

Gagarin the Skirmisher (Minotaur Fighter)           Turns: 1412, Time: 00:03:14

Health: -6/40      AC:  8    Str: 26    XL:     4   Next: 1%
Magic:  3/3        EV:  8    Int:  5    God:
Gold:   83         SH: 10    Dex: 10    Spells: 0 memorised, 3 levels left

rFire  . . .     SeeInvis .     a - +0 war axe
rCold  . . .     Gourm    .     b - +0 scale mail
rNeg   . . .     Faith    .     c - +0 shield
rPois  .         Spirit   .     (helmet restricted)
rElec  .         Dismiss  .     x - +0 cloak
rCorr  .         Reflect  .     (no gloves)
SustAt .         Harm     .     (no boots)
MR     .....                    (no amulet)
Stlth  ..........               (no ring)
                                (no ring)

@: mighty, not resistant to hostile enchantments, extremely unstealthy
A: retaliatory headbutt, horns 2
a: no special abilities


You were on level 3 of the Dungeon.
You were not hungry.

You visited 1 branch of the dungeon, and saw 3 of its levels.

You collected 83 gold pieces.

Inventory:

Hand Weapons
 a - a +0 war axe (weapon)
Missiles
 y - 22 bolts
Armour
 b - a +0 scale mail (worn)
 c - a +0 shield (worn)
 v - a +2 leather armour of fire resistance
 x - a +0 cloak (worn)
Magical Staves
 s - an uncursed staff of poison {unknown}
Jewellery
 w - an uncursed ring of wizardry {unknown}
Scrolls
 e - 3 scrolls of remove curse {unknown}
 h - a scroll of fog {unknown}
 q - 2 scrolls of random uselessness {unknown}
 r - a scroll of blinking {unknown}
 u - a scroll of identify {unknown}
Potions
 i - a potion of beneficial mutation {unknown}
 j - a potion of cancellation {unknown}
 k - a potion of ambrosia {unknown}
 n - a potion of curing {unknown}
 p - a potion of cure mutation {unknown}
 t - a potion of agility {unknown}
Comestibles
 f - 3 bread rations
 g - 6 chunks of flesh
 l - 2 meat rations
 m - 5 fruits
 o - a royal jelly


   Skills:
 + Level 4.3 Fighting
 + Level 3.2 Axes
 + Level 4.3 Armour
 + Level 0.9 Dodging
 + Level 4.1 Shields


You had 3 spell levels left.
You didn't know any spells.

Dungeon Overview and Level Annotations

Branches:
Dungeon (3/15)

Altars:
Vehumet

Annotations:
D:3 Freyj's ghost, amateur MiFi


Innate Abilities, Weirdness & Mutations

You reflexively headbutt those who attack you in melee.
You have a pair of horns on your head.


Message History

You kill the orc!
You have reached level 4!
You feel agile.
You closely miss Freyj's ghost. Freyj's ghost barely misses you.
You slash Freyj's ghost! You headbutt Freyj's ghost.
Freyj's ghost is moderately damaged.
You block Freyj's ghost's attack. Freyj's ghost hits you!
You closely miss Freyj's ghost.
Freyj's ghost is moderately damaged.
You block Freyj's ghost's attack.
You hit Freyj's ghost but do no damage. You headbutt Freyj's ghost.
Freyj's ghost is heavily damaged.
Freyj's ghost hits you!
* * * LOW HITPOINT WARNING * * *
You completely miss Freyj's ghost.
Freyj's ghost is heavily damaged.
Freyj's ghost hits you.
* * * LOW HITPOINT WARNING * * *
Freyj's ghost hits you!
You die...

##.#......# ##
......... .
#.#..... #### #
#....... ..# #
....... #.# #
gr.#.# ##.#####
#W##.# #.......
#@.#.# #..#####
##.#.# #.รท#
#.#.## #..#
#>...## ##..#
#.....###...#
#.........#......
#.....##.........
##...############
#####


You could see Freyj's ghost, a hobgoblin and a rat.

Vanquished Creatures
  2 adders (D:3)
  3 worms (D:2)
  2 giant geckos
  An orc (D:3)
  A ball python (D:2)
  8 bats
  A giant cockroach (D:2)
  A goblin (D:2)
  4 hobgoblins
  4 jackals (D:2)
  A giant newt (D:1)
  4 kobolds
  6 rats
38 creatures vanquished.

Notes
Turn   | Place    | Note
--------------------------------------------------------------
     0 | D:1      | Gagarin the Minotaur Fighter began the quest for the Orb.
     0 | D:1      | Reached XP level 1. HP: 19/19 MP: 0/0
   276 | D:1      | Reached XP level 2. HP: 27/27 MP: 1/1
   705 | D:2      | Found a radiant altar of Vehumet.
   965 | D:2      | Reached XP level 3. HP: 33/33 MP: 2/2
  1397 | D:3      | Noticed Freyj's ghost (amateur MiFi)
  1407 | D:3      | Reached XP level 4. HP: 33/40 MP: 3/3
  1412 | D:3      | Mangled by Freyj's ghost

Skill      XL: |  1  2  3 |
---------------+----------+-----
Fighting       | 4 |  4.3
Armour         | 4 |  4.3
Axes           | 3 |  3.2
Shields        | 4 |  4.1
Dodging        | |  0.9

Action                   |  1- 3 |  4- 6 || total
-------------------------+-------+-------++-------
Melee: War axe           |   103 |     5 ||   108
       Headbutt          |    16 |     2 ||    18
  Use: Potion            |     1 |       ||     1
  Eat: Chunk             |     2 |       ||     2
Armor: Scale mail        |    60 |       ||    60
Dodge: Dodged            |    32 |     1 ||    33
Block: Shield            |    57 |     2 ||    59
